 Dungeon Sprint DCSS version 0.30.1-11-g7821555f0a (webtiles) character file.

Game seed: 8071806211278355066

9 DiggyJ the Trooper (level 1, -3/19 HPs)
             Began as a Demigod Fighter on Jan 8, 2024.
             Slain by a sleepcap (18 damage)
             ... in the Dungeon (Sprint IX: "|||||||||||||||||||||||||||||").
             The game lasted 00:00:09 (30 turns).

DiggyJ the Trooper (Demigod Fighter)                  Turns: 30, Time: 00:00:09

Health: -3/19      AC:  6    Str: 17    XL:     1   Next: 86%
Magic:  3/3        EV:  2    Int: 10    God:
Gold:   0          SH:  0    Dex: 13    Spells: 0/0 levels left

rFire   . . .        a - +0 long sword
rCold   . . .        c - +0 buckler
rNeg    . . .        b - +0 scale mail
rPois   .            (no helmet)
rElec   .            (no cloak)
rCorr   .            (no gloves)
SInv    .            (no boots)
Will    .....        (no amulet) Stlth
                     (no ring)
HPRegen 0.23/turn    (no ring)
MPRegen 0.08/turn

%: no teleportation
@: sleeping
A: high MP 1, forlorn, divine attributes
a: no special abilities


You were in the Dungeon.
You visited 1 branch

Inventory:

Hand Weapons
 a - a +0 long sword (weapon)
Armour
 b - a +0 scale mail (worn)
 c - a +0 buckler (worn)
Scrolls
 j - a scroll of blinking
Potions
 d - a potion of might
 e - a potion of curing
 f - a potion of heal wounds
 g - a potion of haste
 h - 2 potions of magic
 i - a potion of berserk rage


   Skills:
 + Level 3.4 Fighting
 + Level 2.1 Long Blades
 + Level 3.3 Armour
 + Level 3.3 Shields


You couldn't memorise any spells.
You didn't know any spells.
Your spell library was empty.

Dungeon Overview and Level Annotations

Branches:
Dungeon (1/1)


Innate Abilities, Weirdness & Mutations

You have an increased reservoir of magic. (+10% MP)
You shall have no god before yourself.
Your divine heritage dramatically boosts your attributes as you level up.


Message History

You slash the ball python!
You kill the ball python!
You slash the hobgoblin!
You kill the hobgoblin!
Your Fighting skill increases to level 3!
Your Armour skill increases to level 3!
Your Shields skill increases to level 3!
The frilled lizard bites you but does no damage.
There is an open door to the Dungeon, spattered with blood here.
You miss the frilled lizard. The frilled lizard misses you.
The frilled lizard barely misses you.
You closely miss the frilled lizard. The frilled lizard misses you.
You closely miss the frilled lizard. The frilled lizard barely misses you.
You closely miss the frilled lizard.
The frilled lizard bites you but does no damage. x2
You miss the frilled lizard. The frilled lizard closely misses you.
You hit the frilled lizard.
You kill the frilled lizard!
Your Long Blades skill increases to level 2!
You slash the dart slug!
The dart slug is almost dead.
The dart slug launches a dart at you. The slug dart hits you.
You hit the dart slug.
You kill the dart slug!
You slash the goblin!
You kill the goblin!
Items here: ) †††.
Items here: ) †††.
You open the door.
A jackal, a quokka, 2 sleepcaps and a hound come into view.
The jackal barks!
You hit the jackal.
You kill the jackal!
You hit the sleepcap but do no damage. The sleepcap releases spores at you.
You are engulfed in a cloud of soporific spores!
You fall asleep.
The sleepcap releases spores at you!!
Ouch! That really hurt!
You die...

▓.▓
▓.▓
▓.▓
▓'▓
▓)▓
▓.▓
▓.▓
▓.▓
▓@▓
▓f▓
▓r▓
▓f▓
▓h▓
▓.▓
▓.▓
▓+▓


You could see 2 sleepcaps, a hound and a quokka.

Vanquished Creatures
  A dart slug (D)
  A ball python (D)
  A goblin (D)
  A hobgoblin (D)
  A jackal (D)
  A frilled lizard (D)
6 creatures vanquished.

Notes
Turn   | Place    | Note
-------+----------+-------------------------------------------
     0 | D        | DiggyJ the Demigod Fighter began the quest for the Orb.
     0 | D        | Reached XP level 1. HP: 18/18 MP: 3/3
    27 | D        | Noticed a sleepcap
    27 | D        | Noticed a sleepcap
    27 | D        | Noticed a hound
    30 | D        | Slain by a sleepcap

Illustrated notes

Levels and vault maps discovered:
D:        linesprint [early_d, line_temple, items_1, d_10, items_2, lair_1,
          lair_end, items_3, orc_1, orc_end, items_4, d_15, swamp_1, shoals_1,
          snake_1, spider_1, d_20, vaults_1, items_5, swamp_end, shoals_end,
          snake_end, spider_end, vaults_end, d_27, items_6, zot_1, zot_end,
          crypt_end, forest_end, elf_end, slime_end, tomb_end, abyss_end,
          pan_hell_end]

Skill      XL: |  1 |
---------------+----+-----
Fighting       | 3 |  3.4
Armour         | 3 |  3.3
Shields        | 3 |  3.3
Long Blades    | 2 |  2.1

Action                     || total
---------------------------++-------
  Melee: Long sword        ||    13
 Armour: Scale mail        ||     3
  Dodge: Dodged            ||     5
